 Dungeon Crawl Stone Soup version 0.19.1-1-g22dce08 (webtiles) character file.

304 sveltemanboy the Conjurer (level 6, -5/67 HPs)
             Began as a Draconian Wizard on Jan 4, 2017.
             Slain by an orc priest
             ... wielding a +0 flail
              (6 damage)
             ... on level 5 of the Dungeon.
             The game lasted 00:11:24 (4540 turns).

sveltemanboy the Conjurer (Draconian Wizard)        Turns: 4540, Time: 00:11:25

Health: -5/67      AC:  7    Str: 14    XL:     6   Next: 15%
Magic:  10/10      EV: 12    Int: 21    God:
Gold:   214        SH:  0    Dex:  9    Spells: 4 memorised, 2 levels left

rFire  + . .     SeeInvis .     h - +0 short sword
rCold  + . .     Gourm    .     (armour unavailable)
rNeg   . . .     Faith    .     (no shield)
rPois  .         Spirit   .     a - +1 hat
rElec  .         Reflect  .     (no cloak)
rCorr  .         Harm     .     (no gloves)
MR     .....                    (no boots)
Stlth  ..........               l - amulet of inaccuracy (curse)
                                o - ring of protection from cold
                                j - ring of protection from fire

@: berserking, very slightly contaminated, slowed
A: unfitting armour, cold-blooded, AC +6
a: no special abilities


You were on level 5 of the Dungeon.
You were hungry.

You visited 1 branch of the dungeon, and saw 5 of its levels.

You collected 214 gold pieces.

Inventory:

Hand Weapons
 h - a +0 short sword (weapon)
Armour
 a - a +1 hat (worn)
Jewellery
 j - a ring of protection from fire (left hand)
 l - a cursed amulet of inaccuracy (around neck)
 o - a ring of protection from cold (right hand)
 q - an uncursed ring of protection from fire
 t - a +5 ring of intelligence {unknown}
Wands
 f - a wand of random effects (11/48)
Scrolls
 i - a scroll of amnesia
 k - 2 scrolls of enchant armour
 m - 4 scrolls of teleportation
 n - a scroll of identify
 r - a scroll of magic mapping
Potions
 d - 2 potions of flight
 s - a potion of agility
Books
 b - a book of Minor Magic

   Spells                             Type                      Level
   a - Magic Dart                     Conjuration                  1
   b - Blink                          Translocation                2
   c - Call Imp                       Summoning                    2
   d - Repel Missiles                 Charms/Air                   2
   e - Slow                           Hexes                        2
   f - Conjure Flame                  Conjuration/Fire             3
   g - Mephitic Cloud                 Conjuration/Poison/Air       3
Comestibles
 c - 5 bread rations


   Skills:
 - Level 1.7 Dodging
 - Level 1.7 Stealth
 - Level 3.0 Spellcasting
 + Level 4.0 Conjurations
 + Level 3.7 Summonings
   Level 1.0 Translocations
 - Level 1.0 Fire Magic
 - Level 2.0 Air Magic
 - Level 1.0 Poison Magic


You had 2 spell levels left.
You knew the following spells:

 Your Spells              Type           Power        Failure   Level  Hunger
a - Magic Dart            Conj           ###.         2%          1    None
b - Call Imp              Summ           ###.....     6%          2    ##.....
c - Mephitic Cloud        Conj/Pois/Air  ##......     17%         3    ###....
d - Conjure Flame         Conj/Fire      ##......     17%         3    ###....


Dungeon Overview and Level Annotations

Branches:
Dungeon (5/15)
 Temple: D:4-7

Altars:


Innate Abilities, Weirdness & Mutations

Your plain brown scales are hard. (AC +6)
You cannot fit into any form of body armour.
You are cold-blooded and may be slowed by cold attacks.


Message History

The orc wizard completely misses you.
Your crimson imp hits the orc wizard.
The orc priest calls upon Beogh to heal the orc wizard.
The orc wizard is healed somewhat.
The orc wizard hits you with a dagger.
You closely miss the orc wizard.
Your tail-slap misses the orc wizard.
The orc wizard is moderately wounded.
Your crimson imp blinks!
The orc priest mumbles some strange prayers to Beogh against you.
Beogh smites you!
* * * LOW HITPOINT WARNING * * *
The orc wizard points at you and mumbles some strange words.
You resist with some effort.
It was a potion of magic.
Magic courses through your body.
The orc priest looks satisfied for a moment.
The orc wizard casts a spell at you.
You feel yourself slow down.
A red film seems to cover your vision as you go berserk!
You feel yourself moving faster!
You feel mighty!
Your crimson imp hits the orc wizard but does no damage.
The orc priest hits you with a flail.
You die...

.......
#...)......
#......(...
#.>$.......
#..........
#.5........
####o#........
#..@o.........
#.<)..$5......
#......#####..
########


You could see an orc priest, an orc wizard and 2 friendly crimson imps.

Vanquished Creatures
  An iguana (D:4)
  An adder (D:2)
  An ooze (D:2)
  2 worms
  2 dart slugs
  A leopard gecko (D:4)
  5 orcs
  7 bats
  6 giant cockroaches
  8 goblins
  7 hobgoblins
  5 kobolds
  2 quokkas
  8 frilled lizards
  7 rats
63 creatures vanquished.

Vanquished Creatures (collateral kills)
  Grinder (D:3)
  A jelly (D:4)
  An orc priest (D:4)
  An orc wizard (D:4)
  A worker ant (D:4)
  An adder (D:3)
  2 worms
  2 dart slugs (D:1)
  3 orcs
  A goblin (D:1)
  2 hobgoblins
  A kobold (D:1)
  A bat (D:1)
18 creatures vanquished.

Grand Total: 81 creatures vanquished

Notes
Turn   | Place    | Note
-------+----------+-------------------------------------------
     0 | D:1      | sveltemanboy the Draconian Wizard began the quest for the Orb.
     0 | D:1      | Reached XP level 1. HP: 14/14 MP: 4/4
   180 | D:1      | Reached skill level 2 in Conjurations
   181 | D:1      | Reached XP level 2. HP: 20/20 MP: 3/6
   185 | D:1      | Learned a level 2 spell: Call Imp
  1103 | D:2      | Reached XP level 3. HP: 26/26 MP: 7/7
  1108 | D:2      | Learned a level 3 spell: Mephitic Cloud
  1963 | D:2      | Reached skill level 3 in Conjurations
  2228 | D:3      | Reached XP level 4. HP: 33/33 MP: 1/8
  2433 | D:3      | Noticed Grinder
  2442 | D:3      | Paralysed by Grinder for 7 turns
  2459 | D:3      | Paralysed by Grinder for 2 turns
  2462 | D:3      | Killed Grinder
  2462 | D:3      | Reached XP level 5. HP: 21/38 MP: 1/9
  2744 | D:3      | Learned a level 3 spell: Conjure Flame
  3823 | D:4      | Reached skill level 1 in Poison Magic
  4052 | D:4      | Reached XP level 6. HP: 33/45 MP: 4/10
  4222 | D:4      | Reached skill level 4 in Conjurations
  4222 | D:4      | Reached skill level 1 in Fire Magic
  4514 | D:5      | Entered Level 5 of the Dungeon
  4538 | D:5      | HP: 1/45 [orc priest/divine providence (15)]
  4540 | D:5      | Slain by an orc priest

Skill      XL: |  1  2  3  4  5  6 |
---------------+-------------------+-----
Conjurations   | 2 3 4 |  4.0
Summonings     | 2 3 |  3.7
Air Magic      | 2 |  2.0
Poison Magic   | 1 |  1.0
Fire Magic     | 1 |  1.0
Dodging        | |  1.7
Stealth        | |  1.7
Spellcasting   | |  3.0
Translocations | |  1.0

Action                   |  1- 3 |  4- 6 || total
-------------------------+-------+-------++-------
Melee: Unarmed           |    13 |       ||    13
       Tailslap          |     6 |     4 ||    10
       Short sword       |    41 |    86 ||   127
 Cast: Magic Dart        |    55 |    65 ||   120
       Call Imp          |    13 |    23 ||    36
Evoke: Wand              |     3 |       ||     3
  Use: Scroll            |     5 |     6 ||    11
       Potion            |       |     6 ||     6
 Stab: Sleeping          |     1 |       ||     1
       Distracted        |       |     1 ||     1
  Eat: Chunk             |     5 |     2 ||     7
       Meat ration       |       |     1 ||     1
Armor: Skin              |    18 |    22 ||    40
Dodge: Dodged            |    44 |    65 ||   109
